 Dungeon Crawl Stone Soup version 0.30.0-15-g856e2d3f33 (webtiles) character file.

Game seed: 4745747867245048021

123 qw the Chopper (level 5, -5/32 HPs)
             Began as a Gargoyle Fighter on May 19, 2023.
             Killed by divine providence
             ... invoked by an orc priest
              (13 damage)
             ... on level 3 of the Dungeon.
             The game lasted 00:00:52 (1920 turns).

qw the Chopper (Gargoyle Fighter)                   Turns: 1920, Time: 00:00:52

Health: -5/32      AC: 15    Str: 22    XL:     5   Next: 7%
Magic:  5/5        EV:  6    Int:  8    God:
Gold:   222        SH:  4    Dex:  9    Spells: 4/4 levels left

rFire   . . .        Y - +0 war axe
rCold   + . .        c - +0 buckler
rNeg    + . .        j - +0 plate armour
rPois   inf          (no helmet)
rElec   +            (no cloak)
rCorr   .            (no gloves)
SInv    .            (no boots)
Will    .....        (no amulet) Stlth
                     l - ring of protection from cold
HPRegen 0.25/turn    (no ring)
MPRegen 0.09/turn

%: no passive effects
@: no status effects
A: sickness immunity, AC +4, negative energy resistance 1, electricity
resistance, torment resistance 1, petrification resistance
a: no special abilities


You were on level 3 of the Dungeon.
You visited 1 branch of the dungeon, and saw 3 of its levels.

You collected 222 gold pieces.


Innate Abilities, Weirdness & Mutations

You are immune to sickness and miasma.
Your stone body is resilient. (AC +4)
You are immune to poison.
You resist negative energy. (rN+)
You are resistant to electric shocks. (rElec)
You are resistant to unholy torment.
You are immune to petrification.


   Skills:
 - Level 3.2 Fighting
 + Level 4.6 Axes
 - Level 3.2 Armour
 - Level 3.2 Shields


You had 4 spell levels left.
You didn't know any spells.
Your spell library was empty.

Inventory:

Hand Weapons
 h - a +0 whip
 Y - a +0 war axe (weapon)
Missiles
 e - 2 boomerangs (quivered)
Armour
 c - a +0 buckler (worn)
 j - a +0 plate armour (worn)
Jewellery
 l - a ring of protection from cold (left hand)
Scrolls
 n - a scroll of identify
Potions
 a - a potion of attraction
 b - a potion of berserk rage {unknown}
 d - 2 potions of might
 f - a potion of lignification
 g - a potion of cancellation {unknown}
 m - 2 potions of haste {unknown}
 o - a potion of mutation {unknown}
 p - 2 potions of curing {unknown}

Dungeon Overview and Level Annotations

Branches:
Dungeon (3/15)

Altars:
Ru


Message History

The orc wizard hits you with a +0 dagger.
The orc wizard hits you but does no damage.
You barely miss the orc wizard.
The orc wizard is almost dead.
You barely miss the orc wizard.
The orc wizard hits you but does no damage.
The orc wizard barely misses you.
You miss the orc wizard.
The orc wizard is almost dead.
You hit the orc. You barely miss the orc wizard.
The orc wizard hits you but does no damage.
The orc hits you but does no damage.
The orc wizard hits you but does no damage.
You slash the orc wizard!
You kill the orc wizard!
You closely miss the orc. You hit the orc wizard.
The orc hits you but does no damage.
The orc wizard hits you with a +0 dagger.
The orc wizard mumbles some strange words.
The orc wizard flickers and vanishes!
Deactivating autopickup; reactivate with Ctrl-A.
You barely miss the orc.
The orc is lightly wounded.
You miss something. You hit the orc but do no damage.
The orc priest calls upon Beogh to heal the orc.
The orc's wounds heal themselves!
You slash the orc!
You kill the orc!
You hit something.
Reactivating autopickup.
You feel a bit more experienced.
You closely miss the orc.
The orc priest calls down the wrath of Beogh upon you.
Beogh smites you!
Ouch! That really hurt!
You have reached level 5!
You closely miss the orc. The orc hits you but does no damage.
The orc priest invokes the aid of Beogh against you.
Beogh smites you!
You die...

...........#####.............#
.##........#####..%..........#
...%...#.....................#
.###############............##
...............................
.##############...##.#########.#
.# #...##.# # .# #...##.# .#
#)@o##.# .# #..)##.# .#
...o..... .# ........... .#
............... .#
............... .##
+#######....... ..# ....... ###


You could see an orc priest and an orc.

Vanquished Creatures
  2 orc wizards (D:3)
  3 adders (D:3)
  2 worms (D:2)
  A dart slug (D:1)
  An orc (D:3)
  5 endoplasms
  2 giant cockroaches (D:2)
  4 hobgoblins
  2 kobolds
  2 quokkas
  4 ball pythons
  4 bats
  A frilled lizard (D:2)
  3 goblins
  5 rats
41 creatures vanquished.

Notes
Turn   | Place    | Note
-------+----------+-------------------------------------------
     0 | D:1      | qw the Gargoyle Fighter began the quest for the Orb.
     0 | D:1      | Reached XP level 1. HP: 14/14 MP: 1/1
     0 | D:1      | 0 ||| qw: Version: 0.2-a-96-g8eb1148
     0 | D:1      | 0 ||| qw: Game counter: 16
     0 | D:1      | 0 ||| qw: Always use a shield: true
     0 | D:1      | 0 ||| qw: God list: Okawaru
     0 | D:1      | 0 ||| qw: Allow faded altars: false
     0 | D:1      | 0 ||| qw: Do Orc after D:15 true
     0 | D:1      | 0 ||| qw: Do second Lair branch before Depths: true
     0 | D:1      | 0 ||| qw: Lair rune preference: random
     0 | D:1      | 0 ||| qw: Plans: Normal, Zot:1-4, God:TSO, Crypt, Tomb,
                  | Pan, Slime:5, Hells, Abyss, Win
     0 | D:1      | 0 ||| PLANNING D:1-11
    26 | D:1      | 26 ||| Stepping ~*~*~tactically~*~*~ (hiding).
    28 | D:1      | 28 ||| Stepping ~*~*~tactically~*~*~ (hiding).
    34 | D:1      | Reached skill level 2 in Axes
   144 | D:1      | Found a faded altar of an unknown god.
   257 | D:1      | Reached XP level 2. HP: 19/19 MP: 2/2
   260 | D:1      | 260 ||| DROPPING +0 club.
   616 | D:1      | 616 ||| UPGRADING to +0 plate armour.
   626 | D:1      | 626 ||| DROPPING +0 scale mail.
   627 | D:1      | 627 ||| DROPPING scarf of shadows.
   693 | D:1      | 693 ||| UPGRADING to ring of protection from cold.
   694 | D:1      | 694 ||| READING scroll labelled UGIUTT DOMP.
   695 | D:1      | 695 ||| READING scroll labelled FEUFYCLONUME.
   696 | D:1      | 696 ||| READING scroll labelled SAASKU CEUSCHE.
   697 | D:1      | 697 ||| READING scroll labelled FUCWARUBRO.
   876 | D:2      | Reached skill level 3 in Axes
   876 | D:2      | Reached XP level 3. HP: 23/23 MP: 3/3
   945 | D:2      | 945 ||| Stepping ~*~*~tactically~*~*~ (stealth).
   947 | D:2      | 947 ||| Stepping ~*~*~tactically~*~*~ (stealth).
   949 | D:2      | 949 ||| Stepping ~*~*~tactically~*~*~ (stealth).
   950 | D:2      | 950 ||| Stepping ~*~*~tactically~*~*~ (stealth).
   954 | D:2      | 954 ||| Stepping ~*~*~tactically~*~*~ (stealth).
   955 | D:2      | 955 ||| Stepping ~*~*~tactically~*~*~ (stealth).
  1386 | D:2      | 1386 ||| READING scroll labelled RAMEP VYUNE QOS.
  1387 | D:2      | 1387 ||| READING scroll labelled NEPESO UCKORIT.
  1388 | D:2      | 1388 ||| READING scroll labelled FOIM TECVUCS.
  1389 | D:2      | 1389 ||| READING scroll labelled SIGI MOHAMIR.
  1390 | D:2      | 1390 ||| DRINKING 2 cyan potions.
  1391 | D:2      | 1391 ||| READING 3 scrolls of identify.
  1391 | D:2      | 1391 ||| IDENTIFYING fuming grey potion
  1392 | D:2      | 1392 ||| READING 2 scrolls of identify.
  1392 | D:2      | 1392 ||| IDENTIFYING glowing black potion
  1393 | D:2      | 1393 ||| DROPPING potion of magic.
  1506 | D:3      | Found a sacrificial altar of Ru.
  1641 | D:3      | 1641 ||| Stepping ~*~*~tactically~*~*~ (stealth).
  1642 | D:3      | 1642 ||| Stepping ~*~*~tactically~*~*~ (stealth).
  1643 | D:3      | 1643 ||| Stepping ~*~*~tactically~*~*~ (stealth).
  1652 | D:3      | Reached XP level 4. HP: 24/28 MP: 4/4
  1906 | D:3      | Reached skill level 4 in Axes
  1919 | D:3      | HP: 7/28 [orc priest/divine providence (16)]
  1920 | D:3      | Reached XP level 5. HP: 8/32 MP: 5/5
  1920 | D:3      | Killed from afar by an orc priest

Levels and vault maps discovered:
D:1:      lightli_molten_gateway, layout_basic, ebering_ecumenical_altar_hall
D:2:      layout_loops_ring, minmay_tromino_v4_c
D:3:      layout_basic, amcnicky_altar_gilded, kennysheep_path_1

Skill      XL: |  1  2  3  4 |
---------------+-------------+-----
Axes           | 2 3 4 |  4.6
Fighting       | |  3.2
Armour         | |  3.2
Shields        | |  3.2

Action                     |  1- 3 |  4- 6 || total
---------------------------+-------+-------++-------
  Melee: War axe           |    69 |    21 ||    90
  Throw: Boomerang         |    49 |     9 ||    58
    Use: Scroll            |    10 |       ||    10
         Potion            |     1 |       ||     1
 Armour: Scale mail        |    12 |       ||    12
         Plate armour      |    41 |    19 ||    60
  Dodge: Dodged            |    18 |     4 ||    22
  Block: Buckler           |     4 |     4 ||     8

Table legend:
 A = Non-vault XP
 B = Vault XP
 C = Vault XP percentage of total XP
 D = Non-vault monster count
 E = Vault monster count
 F = Vault count percentage of total count
                 A         B        C        D         E       F
            +---------+---------+-------+---------+---------+-------
      Total |     176 |       0 |   0.0 |      41 |       0 |   0.0
            +---------+---------+-------+---------+---------+-------
        D:1 |      15 |       0 |   0.0 |       9 |       0 |   0.0
        D:2 |      30 |       0 |   0.0 |      14 |       0 |   0.0
        D:3 |     131 |       0 |   0.0 |      18 |       0 |   0.0
            +---------+---------+-------+---------+---------+-------
